AoeStats
← stevengineer

Black Forest

510039977Analyzed
4v4 RM · 2d ago on Sep 29, 2026· 47m 1s· 8 players
Game mode
Random Map
Map size
Large (8 player)
Population
200
Speed
Normal
Resources
Standard
Victory
Conquest
Starting age
Dark Age
Ending age
Imperial Age
RankedLock teamsTeams togetherTeam positionsShared explorationLock speedFull tech treeHidden civsTurbo modeCheats
Victory
Defeat
🇨🇳 Huns · China
787
+17
🇪🇨 Malians · Ecuador
774
+17
🇬🇧 Bulgarians · United Kingdom
767
+18
🇲🇽 Hindustanis · Mexico
712
+19
🇺🇸 Khmer · United States
842
-20
🇦🇺 Persians · Australia
836
-19
🇦🇷 Danes · Argentina
833
-33
🇲🇽 Tatars · Mexico
685
-13
ISpillTheCoffee
0:30 Loom
12:12 Feudal Age
13:49 Town Watch
15:37 Wheelbarrow
14:53 Double-Bit Axe
17:01 Gold Mining
17:11 Fishing Lines
19:47 Forging
21:14 Stone Mining
24:19 Castle Age
23:31 Scale Barding Armor
23:28 Scale Mail Armor
24:35 Horse Collar
27:00 Iron Casting
27:56 Chain Barding Armor
29:11 Gold Shaft Mining
29:26 Bow Saw
29:20 Arson
29:35 Squires
29:36 Gillnets
31:07 Bloodlines
30:58 Husbandry
32:24 Hand Cart
33:54 Stirrups
36:05 Chain Mail Armor
35:45 Fletching
38:32 Heavy Plow
stevengineer
0:50 Loom
14:41 Feudal Age
15:58 Wheelbarrow
15:12 Double-Bit Axe
15:13 Horse Collar
16:28 Gold Mining
16:40 Stone Mining
16:49 Man-at-Arms
20:49 Arson
26:14 Castle Age
26:19 Scale Barding Armor
26:25 Forging
27:05 Scale Mail Armor
28:21 Squires
30:23 Town Watch
31:04 Padded Archer Armor
33:36 Fletching
34:21 Pikeman
36:39 Ballistics
36:16 Murder Holes
36:44 Ballistics
36:47 Long Swordsman
40:19 Gold Shaft Mining
40:22 Stone Shaft Mining
40:00 Bow Saw
39:55 Heavy Plow
44:04 Imperial Age
43:14 Chain Mail Armor
44:18 Iron Casting
43:40 Bodkin Arrow
45:34 Conscription
44:36 Two-Handed Swordsman
46:38 Hand Cart
卢本伟
1:56 Loom
13:05 Feudal Age
18:22 Castle Age
16:47 Double-Bit Axe
17:09 Stone Mining
17:04 Horse Collar
21:29 Gold Mining
22:56 Bow Saw
23:26 Wheelbarrow
23:52 Heavy Plow
28:06 Hand Cart
28:44 Fishing Lines
30:02 Gold Shaft Mining
32:53 Imperial Age
30:44 Marauders
31:47 Scale Barding Armor
31:52 Forging
32:02 Gillnets
33:59 Conscription
33:02 Elite Tarkan
34:55 Iron Casting
34:41 Chain Barding Armor
35:35 Two-Man Saw
34:52 Bloodlines
34:43 Husbandry
36:33 Plate Barding Armor
36:59 Blast Furnace
37:31 Blast Furnace
Silver
Williamjason007
14:03 Feudal Age
19:32 Castle Age
17:31 Double-Bit Axe
17:53 Horse Collar
19:43 Bloodlines
19:55 Forging
21:44 Heavy Plow
31:06 Imperial Age
29:11 Scale Barding Armor
29:30 Ballistics
30:20 Chain Barding Armor
29:57 Gold Mining
30:01 Stone Mining
30:59 Husbandry
31:48 Iron Casting
30:40 Light Cavalry
32:48 Crop Rotation
32:57 Double Crossbow
34:29 Blast Furnace
35:50 Plate Barding Armor
34:37 Elite Ballista Elephant
36:36 Hussar
✪KillerMx✪
11:46 Feudal Age
13:54 Feudal Age
16:58 Wheelbarrow
19:21 Castle Age
18:24 Double-Bit Axe
18:36 Horse Collar
20:59 Stone Mining
23:39 Scale Mail Armor
23:51 Heavy Plow
28:01 Bow Saw
30:25 Scale Barding Armor
30:54 Gold Mining
33:01 Hand Cart
36:26 Imperial Age
36:34 Fortified Wall
38:12 Bloodlines
38:03 Husbandry
38:45 Elite Steppe Lancer
40:03 Chain Barding Armor
39:53 Forging
Ledmini1518
15:05 Feudal Age
15:32 Fishing Lines
22:24 Castle Age
21:10 Horse Collar
22:08 Wheelbarrow
24:27 Heavy Plow
24:20 Double-Bit Axe
24:58 Forging
27:01 Forging
26:52 Scale Mail Armor
27:21 Hand Cart
28:57 Iron Casting
28:44 Bow Saw
28:24 Town Watch
28:48 Caravan
30:49 Chain Mail Armor
30:53 Town Patrol
36:27 Imperial Age
34:37 Squires
34:23 Arson
34:31 Arson
34:34 Gambesons
35:37 Hamask
1800000
0:41 Loom
16:15 Feudal Age
17:22 Horse Collar
17:30 Double-Bit Axe
18:46 Fishing Lines
25:13 Gold Mining
27:34 Castle Age
27:07 Stone Mining
28:48 Gillnets
29:15 Bow Saw
29:11 Heavy Plow
30:03 Fletching
30:23 Forging
30:20 Scale Barding Armor
34:49 Gold Shaft Mining
40:45 Imperial Age
40:19 Caravan
41:25 Conscription
42:19 Bodkin Arrow
43:01 Iron Casting
42:46 Chain Barding Armor
43:51 Ballistics
44:32 Chemistry
Connection lost

Rejoining the realm…

Still unreachable

The connection could not be restored.

Session expired

The server has moved on; the page needs a fresh start.